 Dungeon Sprint DCSS version 0.26-a0-852-g6321bf7485 (webtiles) character file.

Game seed: 12488358924338442922

18 sahdkjhfkaj the Covert (level 2, -1/11 HPs)
             Began as a Felid Enchanter on Nov 21, 2020.
             Was a Believer of Dithmenos.
             Slain by an adder (4 damage)
             ... in the Dungeon (Sprint VII: "The Pits").
             The game lasted 00:00:28 (174 turns).

sahdkjhfkaj the Covert (Felid Enchanter)             Turns: 174, Time: 00:00:28

Health: -1/11      AC:  1    Str:  4    XL:     2   Next: 51%
Magic:  6/6        EV: 18    Int: 16    God:    Dithmenos [**....]
Gold:   0          SH:  0    Dex: 16    Spells: 4/5 levels left
                                        Lives:  0   Deaths: 0

rFire    . . .     SeeInvis +     - Unarmed
rCold    . . .     Faith    .   (shield unavailable)
rNeg     . . .     Spirit   .   (armour unavailable)
rPois    .         Reflect  .   (helmet unavailable)
rElec    .         Harm     .   (cloak unavailable)
rCorr    .         Rampage  .   (gloves unavailable)
MR       .....     NoTele   +   (boots unavailable)
Stlth    ++++++....             (no amulet)
HPRegen  0.03/turn              (no ring)
MPRegen  0.10/turn              (no ring)

@: wreathed by umbra, quick
A: very small, no armour, no weapons or thrown items, stealth, claws 1, fangs 3,
see invisible, speed 1, shaggy fur 1, sharp paws
a: Shadow Step, Renounce Religion


You were in the Dungeon.
You worshipped Dithmenos.
Dithmenos was pleased with you.
You visited 1 branch

Inventory:

Scrolls
 g - a scroll of blinking
 h - 3 scrolls of remove curse
 i - 5 scrolls of amnesia
 j - a scroll of summoning
Potions
 a - 2 potions of invisibility
 b - a potion of curing
 c - a potion of heal wounds
 d - a potion of haste
 e - 4 potions of magic
 f - 3 potions of berserk rage


   Skills:
 - Level 2.6 Dodging
 + Level 8.5 Stealth
 - Level 1.0 Unarmed Combat
 - Level 2.0 Spellcasting
 - Level 4.4 Hexes


You had 4 spell levels left.
You knew the following spells:

 Your Spells              Type           Power        Failure   Level
a - Corona                Hex            ###....      3%          1

Your spell library contained the following spells:

 Spells                   Type           Power        Failure   Level
 Confusing Touch          Hex            ###.....     11%         3
 Tukima's Dance           Hex            ###.....     11%         3
 Ensorcelled Hibernation  Hex/Ice        #.....       13%         2
 Dazzling Flash           Conj/Hex       #.....       26%         3


Dungeon Overview and Level Annotations

Branches:
Dungeon (1/1)

Altars:
Ashenzari
Cheibriados
Dithmenos
Elyvilon
Fedhas
Gozag
Hepliaklqana
Kikubaaqudgha
Makhleb
Nemelex Xobeh
Okawaru
Qazlal
Ru
Sif Muna
Trog
Uskayaw
Vehumet
Wu Jian
Xom
Yredelemnul
Zin
The Shining One
Beogh
Jiyva
Lugonu


Innate Abilities, Weirdness & Mutations

You cannot wear armour.
You are incapable of wielding weapons or throwing items.
Your paws allow you to move quietly. (Stealth)
You have sharp claws.
You have razor-sharp teeth.
You have supernaturally acute eyesight. (SInv)
You cover ground quickly.
You are covered in fur. (AC +1)
Your sharp claws are effective at attacking unaware monsters.


Message History

You pounce on the unaware helpless jackal!
You mangle the jackal!!
You kill the jackal!
Dithmenos accepts your kill.
You miss the leopard gecko.
The jackal barks!
Your claw misses the leopard gecko. You bite the leopard gecko.
The leopard gecko is moderately wounded.
The adder hisses angrily.
The ball python hisses angrily.
The leopard gecko bites you.
You scratch the leopard gecko.
The leopard gecko is heavily wounded.
The leopard gecko bites you. The jackal bites you.
* * * LOW HITPOINT WARNING * * *
You barely miss the leopard gecko.
The leopard gecko is moderately wounded.
The jackal bites you but does no damage.
The leopard gecko hisses menacingly.
The leopard gecko misses you. The adder bites you.
You die...

##########.##........
#...........'........
#+#####'#####......#.
#...#)# #........
#..†#.# ####'####
#...'†# #.......#
##'#### #.......#
#..S..# #.......#
#.@lS.# #...<...#
#..h.....##.......#
#........##.......#
###########.......#
#########


You could see an adder, a leopard gecko, a jackal and a ball python.

Vanquished Creatures
  A river rat (D)
  A giant cockroach (D)
  A goblin (D)
  3 jackals (D)
  A kobold (D)
  A rat (D)
8 creatures vanquished.

Notes
Turn   | Place    | Note
-------+----------+-------------------------------------------
     0 | D        | sahdkjhfkaj the Felid Enchanter began the quest for the
                  | Orb.
     0 | D        | Reached XP level 1. HP: 7/7 MP: 4/4
    20 | D        | Reached skill level 5 in Stealth
   106 | D        | Found a bloodstained altar of Trog.
   106 | D        | Found a shimmering blue altar of Sif Muna.
   106 | D        | Found a viscous altar of Jiyva.
   106 | D        | Found a hazy altar of Hepliaklqana.
   106 | D        | Found an opulent altar of Gozag.
   107 | D        | Found a glowing golden altar of the Shining One.
   107 | D        | Found a glowing silver altar of Zin.
   107 | D        | Found a basalt altar of Yredelemnul.
   107 | D        | Found a shimmering altar of Xom.
   107 | D        | Found an ornate altar of the Wu Jian Council.
   107 | D        | Found a sacrificial altar of Ru.
   107 | D        | Found a stormy altar of Qazlal.
   107 | D        | Found an iron altar of Okawaru.
   107 | D        | Found a sparkling altar of Nemelex Xobeh.
   107 | D        | Found a burning altar of Makhleb.
   107 | D        | Found a blossoming altar of Fedhas.
   107 | D        | Found a white marble altar of Elyvilon.
   107 | D        | Found a shadowy altar of Dithmenos.
   107 | D        | Found a snail-covered altar of Cheibriados.
   108 | D        | Found a radiant altar of Vehumet.
   108 | D        | Found a corrupted altar of Lugonu.
   108 | D        | Found a roughly hewn altar of Beogh.
   109 | D        | Found an ancient bone altar of Kikubaaqudgha.
   109 | D        | Found a hide-covered altar of Uskayaw.
   109 | D        | Found a broken altar of Ashenzari.
   116 | D        | Became a worshipper of Dithmenos the Shadowed
   159 | D        | Reached * piety under Dithmenos
   160 | D        | Reached skill level 7 in Stealth
   160 | D        | Reached XP level 2. HP: 11/11 MP: 6/6
   163 | D        | Reached skill level 8 in Stealth
   169 | D        | Reached ** piety under Dithmenos
   174 | D        | Slain by an adder

Illustrated notes

Levels and vault maps discovered:
D:        pitsprint [storerooms_1, entrance_room_1, metal_vault_6, armoury_1,
          mini_pit_1, grid_room_1, main_hall_1, silver_pit, the_coven_1,
          the_vestibule_1, steel_vault_1, golden_pit, hallway_of_sentries,
          crystal_vault_2, iron_vault_4, final_vault]

Skill      XL: |  1  2 |
---------------+-------+-----
Stealth        | 7 8 |  8.5
Dodging        | |  2.6
Unarmed Combat | |  1.0
Spellcasting   | |  2.0
Hexes          | |  4.4

Action                   || total
-------------------------++-------
Melee: Unarmed           ||    17
       Bite              ||     2
 Stab: Sleeping          ||     7
Armor: Skin              ||     1
Dodge: Dodged            ||     7

Table legend: (Time is in decaauts)
 A = Elapsed time spent in this place.
 B = Non-inter-level travel time spent in this place.
 C = Inter-level travel time spent in this place.
 D = Time resting spent in this place.
 E = Time spent auto-exploring this place.
 F = Levels seen in this place.
 G = Mean time per level.
                   A        B        C        D        E       F      G
               +--------+--------+--------+--------+--------+-----+--------+
         Total |    160 |    160 |      0 |     82 |      0 |   1 |  160.0 |
       Dungeon |    160 |    160 |      0 |     82 |      0 |   1 |  160.0 |
               +--------+--------+--------+--------+--------+-----+--------+

Top non-repeatable levels by time:
       D: 160 daAuts
